 Dungeon Sprint DCSS version 0.32-a0-918-g0f22ef8d61 (webtiles) character file.

Game seed: 7881298004516260742

3 Griffin23 the Covered (level 1, -2/20 HPs)
             Began as a Minotaur Fighter on Apr 11, 2024.
             Slain by a human (5 damage)
             ... in the Dungeon (Sprint III: "The Ten Rune Challenge").
             The game lasted 00:00:08 (69 turns).

Griffin23 the Covered (Minotaur Fighter)              Turns: 69, Time: 00:00:09

Health: -2/20      AC:  7    Str: 20    XL:     1   Next: 41%
Magic:  0/0        EV:  8    Int:  5    God:
Gold:   17         SH:  4    Dex:  9    Spells: 0/0 levels left

rFire   . . .        a - +0 long sword
rCold   . . .        c - +0 buckler
rNeg    . . .        b - +0 scale mail
rPois   .            (helmet restricted)
rElec   .            (no cloak)
rCorr   .            (no gloves)
SInv    .            (no boots)
Will    .....        (no amulet) Stlth
                     (no ring)
HPRegen 0.23/turn    (no ring)
MPRegen 0.07/turn

%: no teleportation
@: no status effects
A: horns 2, retaliatory headbutt
a: no special abilities


You were in the Dungeon.
You visited 1 branch You collected 17 gold pieces.

Inventory:

Hand Weapons
 a - a +0 long sword (weapon)
Armour
 b - a +0 scale mail (worn)
 c - a +0 buckler (worn)
Scrolls
 j - a scroll of blinking
 k - a scroll of identify {unknown}
Potions
 d - a potion of might
 e - a potion of curing
 f - a potion of heal wounds
 g - a potion of haste
 h - 2 potions of magic
 i - a potion of berserk rage


   Skills:
 + Level 4.1 Fighting
 + Level 2.6 Long Blades
 + Level 4.2 Armour
 + Level 4.1 Shields


You couldn't memorise any spells.
You didn't know any spells.
Your spell library was empty.

Dungeon Overview and Level Annotations

Branches:
Dungeon (1/1)

Altars:


Innate Abilities, Weirdness & Mutations

You have a pair of horns on your head.
You reflexively headbutt those who attack you in melee.


Message History

The human shouts!
A human is nearby!
The human hits you.
You hit the human but do no damage. Your headbutt misses the human.
The human hits you but does no damage. The human misses you.
You hit the human but do no damage. You block the human's attack.
You hit the human. Your headbutt misses the human.
The human is lightly wounded.
You block the human's attack.
You hit the human but do no damage.
The human is lightly wounded.
The human hits you.
You barely miss the human.
You headbutt the human, but do no damage.
The human is lightly wounded.
The human hits you. The human barely misses you. You furiously retaliate!
You headbutt the human. You barely miss the human.
The human is moderately wounded.
The human hits you.
You are too injured to fight recklessly!
You are too injured to fight recklessly!
You are too injured to fight recklessly!
You barely miss the human.
The human is moderately wounded.
The human barely misses you.
You closely miss the human. Your headbutt misses the human.
The human is moderately wounded.
The human hits you but does no damage. The human barely misses you.
You miss the human. You headbutt the human.
The human is moderately wounded.
The human completely misses you.
You hit the human. Your headbutt misses the human.
The human is heavily wounded.
The human hits you!
* * * LOW HITPOINT WARNING * * *
You hit the human but do no damage. You headbutt the human.
The human is heavily wounded.
The human barely misses you. The human hits you.
You die...

▓.....#
▓.....#...~~..♣.
▓.....#..~~~~..♣♣ +
▓####'#..~≈≈~~~.♣.#
▓....†#.~~≈~~~....#
▓.....#.~≈~~~.....#
▓.....#.~~~.......#
▓'#####...........#
▓..........@p.....#
▓▓▓▓▓▓▓▓▓▓▓▓▓▓▓▓▓▓▓


You could see a human.

Vanquished Creatures
  An endoplasm (D)
  3 rats (D)
4 creatures vanquished.

Notes
Turn   | Place    | Note
-------+----------+-------------------------------------------
     0 | D        | Griffin23 the Minotaur Fighter began the quest for the Orb.
     0 | D        | Reached XP level 1. HP: 19/19 MP: 0/0
    69 | D        | Slain by a human

Illustrated notes

Levels and vault maps discovered:
D:        dungeon_sprint_mu [sprint_mu_entry_forest, sprint_mu_temple_rooms,
          sprint_mu_d1_spiders, sprint_mu_d2_genie, sprint_mu_d3_branching,
          sprint_mu_orc_legion, sprint_mu_elf_gauntlet, sprint_mu_hive_nellie,
          sprint_mu_lair_fedhas, sprint_mu_vaults_butterflies,
          sprint_mu_slime_circle, sprint_mu_shoals_archi,
          sprint_mu_snake_twists, sprint_mu_blade_basic,
          sprint_mu_crypt_fortress, sprint_mu_tomb_spiral,
          sprint_mu_vestibule_basic, sprint_mu_gehenna_hellfire,
          sprint_mu_dis_giant, sprint_mu_tartarus_statrot,
          sprint_mu_cocytus_islands, sprint_mu_zot1]

Skill      XL: |  1 |
---------------+----+-----
Fighting       | 4 |  4.1
Armour         | 4 |  4.2
Shields        | 4 |  4.1
Long Blades    | |  2.6

Action                     || total
---------------------------++-------
  Melee: Long sword        ||    17
         Headbutt          ||     3
 Armour: Scale mail        ||    13
  Dodge: Dodged            ||     9
  Block: Buckler           ||     2

Table legend: (Time is in decaauts)
 A = Elapsed time spent in this place.
 B = Non-inter-level travel time spent in this place.
 C = Inter-level travel time spent in this place.
 D = Time resting spent in this place.
 E = Time spent auto-exploring this place.
 F = Levels seen in this place.
 G = Mean time per level.
                   A        B        C        D        E       F      G
               +--------+--------+--------+--------+--------+-----+--------+
         Total |     73 |     73 |      0 |      0 |     44 |   1 |   73.0 |
       Dungeon |     73 |     73 |      0 |      0 |     44 |   1 |   73.0 |
               +--------+--------+--------+--------+--------+-----+--------+

Top non-repeatable levels by time:
       D: 73 daAuts
